 Dungeon Crawl Stone Soup version 0.31.0-12-g77e489cdc1 (webtiles) character file.

Game seed: 14947363098380686624

102 Goblin1989 the Changeling (level 4, -9/32 HPs)
             Began as a Demonspawn Shapeshifter on Feb 16, 2024.
             Mangled by an iguana (11 damage)
             ... on level 4 of the Dungeon.
             The game lasted 00:04:26 (2703 turns).

Goblin1989 the Changeling (Demonspawn Shapeshifter) Turns: 2703, Time: 00:04:26

Health: -9/32      AC:  4    Str: 16    XL:     4   Next: 49%
Magic:  4/4        EV: 12    Int: 10    God:
Gold:   100        SH:  0    Dex: 13    Spells: 3/3 levels left

rFire   . .          .
                       - Unarmed
rCold   . . .        (no shield)
rNeg    . . .        a - +0 animal skin
rPois   .            (helmet currently unavailable)
rElec   .            (cloak currently unavailable)
rCorr   .            (gloves currently unavailable)
SInv    .            (boots currently unavailable)
Will    .....        (no amulet)
Stlth   +            (no ring)
HPRegen 0.25/turn    (no ring)
MPRegen 0.09/turn

%: no passive effects
@: beast-form
A: beast (slay +2), yellow scales 1, weakness stinger 1
a: Begin Untransformation


You were on level 4 of the Dungeon.
You were a hulking beast.
You visited 1 branch of the dungeon, and saw 4 of its levels.

You collected 100 gold pieces.

Inventory:

Missiles
 t - 3 javelins (quivered) {@Q3}
Armour
 a - a +0 animal skin (worn)
Talismans
 c - a beast talisman (active)
 d - a flux talisman
Scrolls
 e - 3 scrolls of silence {unknown}
 f - 4 scrolls of identify {unknown}
 g - a scroll of blinking {unknown}
 m - a scroll of brand weapon {unknown}
 n - a scroll of poison {unknown}
 p - a scroll of noise {unknown}
 r - 3 scrolls of fog {unknown}
 s - a scroll of enchant armour {unknown}
Potions
 b - a potion of lignification
 h - 4 potions of enlightenment {unknown}
 i - a potion of mutation {unknown}
 j - a potion of curing {unknown}
 k - a potion of magic {unknown}
 l - a potion of cancellation {unknown}
 o - a potion of haste {unknown}
 q - 2 potions of resistance {unknown}


   Skills:
 + Level 1.5 Fighting
 + Level 2.1 Dodging
 * Level 3.2 Unarmed Combat
 - Level 4.0 Shapeshifting


You had 3 spell levels left.
You didn't know any spells.
Your spell library was empty.

Dungeon Overview and Level Annotations

Branches:
Dungeon (4/15) Zot: 21306
 Temple: D:4-7

Altars:


Innate Abilities, Weirdness & Mutations

You are a hulking beast.
Your limbs bulge with bestial killing power. (Slay +2)
You are partially covered in yellow scales. (AC +2)
You have a small tail.


Message History

You hit the adder.
The adder is lightly wounded.
The adder bites you.
You are poisoned.
The adder poisons you! The adder bites you.
You take 5 damage, and have 26/32 hp.
You hit the adder.
The adder is severely wounded.
You feel sick. The adder barely misses you.
You take 1 damage, and have 25/32 hp.
You punch the adder!
You kill the adder!
You feel sick.
You take 1 damage, and have 24/32 hp.
No target in view!
No target in view!
No target in view!
No target in view!
No target in view!
No target in view!
No target in view!
No target in view!
No target in view!
No target in view!
No target in view!
No target in view!
No target in view!
No target in view!
No target in view!
No target in view!
No target in view!
No target in view!
No target in view!
No target in view!
You feel sick.
There is a stone staircase leading up here.
You take 1 damage, and have 23/32 hp.
You feel sick.
You take 1 damage, and have 22/32 hp.
You feel sick.
There is a stone staircase leading up here.
You start resting.
You feel sick.
You are no longer poisoned.
You take 1 damage, and have 21/32 hp.
t - 3 javelins {@Q3}
There is a stone staircase leading up here.
You start resting.
HP restored.
Health restored: 32 An iguana comes into view.
The iguana hisses angrily.
An iguana is nearby!
The iguana bites you!
You take 11 damage, and have 21/32 hp.
MASSIVE DAMAGE!!
You hit the iguana but do no damage. The iguana bites you!
* * * LOW HITPOINT WARNING * * *
You are too injured to fight recklessly!
You take 11 damage, and have 10/32 hp.
MASSIVE DAMAGE!!
You are too injured to fight recklessly!
You are too injured to fight recklessly!
You are too injured to fight recklessly!
You are too injured to fight recklessly!
You are too injured to fight recklessly!
You are too injured to fight recklessly!
You are too injured to fight recklessly!
You are too injured to fight recklessly!
You are too injured to fight recklessly!
You are too injured to fight recklessly!
You are too injured to fight recklessly!
You are too injured to fight recklessly!
You are too injured to fight recklessly!
You are too injured to fight recklessly!
You are too injured to fight recklessly!
You are too injured to fight recklessly!
You are too injured to fight recklessly!
You hit the iguana but do no damage.
The iguana bites you but does no damage.
You barely miss the iguana. The iguana closely misses you.
You hit the iguana.
The iguana is moderately wounded.
The iguana bites you.
* * * LOW HITPOINT WARNING * * *
You hit the iguana.
You tail-slap the iguana, but do no damage.
The iguana is heavily wounded.
The iguana bites you.
* * * LOW HITPOINT WARNING * * *
You take 4 damage, and have 7/32 hp.
You hit the iguana.
The iguana is almost dead.
The iguana bites you.
* * * LOW HITPOINT WARNING * * *
You take 6 damage, and have 1/32 hp.
You hit the iguana.
The iguana is almost dead.
The iguana completely misses you.
You barely miss the iguana.
Your tail-slap misses the iguana.
The iguana is almost dead.
The iguana bites you!
You die... ████

██████..██
█......†.█
█........█
███...<...█
████.........█
████lh.████.....██
█...████ ██.....█
......████ █.....█
....█ █....>█ ...
██....█ . █....█
██...█ ..██ ..█


You could see an iguana.

Vanquished Creatures
  Robin (D:2)
  2 adders
  A dart slug (D:2)
  A ribbon worm (D:2)
  5 orcs (D:3)
  3 endoplasms
  2 giant cockroaches
  11 goblins
  6 hobgoblins
  3 jackals (D:3)
  11 kobolds
  A quokka (D:1)
  2 ball pythons (D:3)
  5 bats
  3 frilled lizards
  2 rats (D:2)
59 creatures vanquished.

Notes
Turn   | Place    | Note
-------+----------+-------------------------------------------
     0 | D:1      | Goblin1989 the Demonspawn Shapeshifter began the quest for
                  | the Orb.
     0 | D:1      | Reached XP level 1. HP: 15/15 MP: 1/1
   130 | D:1      | Reached skill level 3 in Shapeshifting
   397 | D:1      | Gained mutation: You are partially covered in yellow
                  | scales. (AC +2) [demonic ancestry]
   397 | D:1      | Reached XP level 2. HP: 21/21 MP: 2/2
  1303 | D:2      | Reached XP level 3. HP: 24/26 MP: 3/3
  1316 | D:2      | Noticed Robin
  1360 | D:2      | Killed Robin
  1415 | D:2      | Reached skill level 4 in Shapeshifting
  1929 | D:3      | Gained mutation: You have a small tail. [demonic ancestry]
  1929 | D:3      | Reached XP level 4. HP: 31/32 MP: 4/4
  2306 | D:3      | Found a faded altar of an unknown god.
  2701 | D:4      | HP: 1/32 [iguana (6)]
  2703 | D:4      | Mangled by an iguana

Illustrated notes

Levels and vault maps discovered:
D:1:      moated_graveyard_arrival, layout_loops_corners
D:2:      layout_basic, lexackson_kobold_supper, uniq_robin
D:3:      layout_basic, shapermc_ecumenical_altar_starsandcircs
D:4:      layout_cave_pods

Skill      XL: |  1  2  3  4 |
---------------+-------------+-----
Shapeshifting  | 3 4 |  4.0
Dodging        | 2 |  2.1
Unarmed Combat | 3 |  3.2
Fighting       | |  1.5

Action                     |  1- 3 |  4- 6 || total
---------------------------+-------+-------++-------
  Melee: Unarmed           |   159 |    50 ||   209
         Punch             |     3 |       ||     3
         Tailslap          |       |     5 ||     5
   Stab: Sleeping          |     2 |       ||     2
 Armour: Animal skin       |    73 |    29 ||   102
  Dodge: Dodged            |    94 |    30 ||   124
   Form: Beast             |     1 |       ||     1
         Flux              |     1 |       ||     1
